 Dungeon Crawl Stone Soup version 0.28-a0-991-g956f0ee3d5 (webtiles) character file.

Game seed: 1915040412550597134

307 sanka the Chopper (level 6, -2/50 HPs)
             Began as a Palentonga Monk on Dec 4, 2021.
             Slain by a wraith (12 damage)
             ... in an ossuary.
             The game lasted 00:05:57 (4343 turns).

sanka the Chopper (Palentonga Monk)                 Turns: 4343, Time: 00:05:57

Health: -2/50      AC:  4    Str: 16    XL:     6   Next: 16%
Magic:  6/6        EV: 10    Int: 10    God:
Gold:   107        SH:  0    Dex: 13    Spells: 5/5 levels left

rFire   . . .      SeeInvis +   a - +0 broad axe
rCold   . . .      Faith    .   (no shield)
rNeg    . . .      Spirit   .   b - +0 robe
rPois   .          Reflect  .   (no helmet)
rElec   .          Harm     .   (no cloak)
rCorr   .          Rampage  .   (no gloves)
Will    .....                   (no barding)
Stlth   ++........              (no amulet)
HPRegen 0.16/turn               (no ring)
MPRegen 0.10/turn               (no ring)

@: slowed, very slow
A: large, rugged brown scales 3, see invisible, deformed body, roll 1, armoured
tail
a: Rolling Charge


You were in an ossuary.
You visited 1 branch of the dungeon, and saw 4 of its levels.
You also visited: Ossuary.

You collected 277 gold pieces.
You spent 170 gold pieces at shops.


Innate Abilities, Weirdness & Mutations

You are completely covered in rugged brown scales. (AC +3, +7% HP)
You have supernaturally acute eyesight. (SInv)
Armour fits poorly on your strangely shaped body.
You can roll at nearby foes to attack.
You have a long armoured tail.


   Skills:
 - Level 3.0 Fighting
 + Level 7.0 Axes
 - Level 2.4 Dodging
 - Level 1.2 Stealth


You had 5 spell levels left.
You didn't know any spells.
Your spell library contained the following spells:

 Spells                   Type           Power      Damage    Failure   Level
 Ozocubu's Armour         Ice            0%         N/A       75%         3
 Metabolic Englaciation   Hex/Ice        0%         N/A       100%        5
 Simulacrum               Ice/Necr       0%         N/A       100%        6
 Ozocubu's Refrigeration  Ice            0%         4d5       100%        7

Inventory:

Hand Weapons
 a - a +0 broad axe (weapon)
 m - a +2 flail of protection
 o - a +0 hand axe
Armour
 b - a +0 robe (worn)
Magical Staves
 g - a staff of cold
Scrolls
 c - 2 scrolls of fear
 d - 2 scrolls of blinking
 e - a scroll of amnesia {unknown}
 r - a scroll of enchant weapon
 s - a scroll of teleportation {@r4}
Potions
 f - a potion of berserk rage {unknown}
 h - a potion of curing {@q1}
 i - a potion of degeneration {unknown}
 j - a potion of brilliance {unknown}
 l - a potion of heal wounds {@q2}
 n - a potion of haste {unknown}
 p - a potion of flight {unknown}
 q - a potion of attraction {unknown}

Dungeon Overview and Level Annotations

Branches:
Dungeon (4/15)            Ossuary (1/1)
 Temple: D:4-7

Altars:

Shops:
D:1 *? D:3

[ ............ ...
.......... ......▒
▒......▒▒ ..8...▒
▒...8...+ .▒
......▒+▒......▒▒▒▒..▒
.....▒.▒............▒
....................▒
▒ ▒▒.....▒▒▒▒.▒▒▒▒..▒
.. +...8...+ ▒.HW!▒
▒.▒▒▒▒.....▒▒▒▒.▒▒▒▒
..................
.......▒.▒........
▒......▒'▒......▒▒
...8...▒.▒...8...+
▒......▒▒▒......▒▒
..................
..................


You could see a wraith.


Message History

The wraith hits you.
Unknown command.
You hit the wraith but do no damage.
The wraith is heavily damaged.
The wraith hits you! The wraith drains your vigour!
You feel as though you will be slow longer.
The wraith hits you!
* * * LOW HITPOINT WARNING * * *
The wraith drains your vigour!
You feel as though you will be slow longer.
You hit the wraith.
The wraith is severely damaged.
The wraith hits you but does no damage. The wraith barely misses you.
Unknown command.
You barely miss the wraith. You tail-slap the wraith.
The wraith is severely damaged.
The wraith misses you. The wraith hits you!
* * * LOW HITPOINT WARNING * * *
The wraith drains your vigour!
You feel as though you will be slow longer.
You hit the wraith but do no damage.
The wraith is severely damaged.
The wraith hits you!
* * * LOW HITPOINT WARNING * * *
The wraith hits you!
You die...

Action                   |  1- 3 |  4- 6 || total
-------------------------+-------+-------++-------
Melee: Hand axe          |   101 |    59 ||   160
       Tailslap          |    12 |    21 ||    33
       Broad axe         |       |    86 ||    86
       Flail             |       |     8 ||     8
  Use: Potion            |       |     2 ||     2
       Scroll            |       |     2 ||     2
 Stab: Sleeping          |     3 |     3 ||     6
Armor: Robe              |    30 |    45 ||    75
Dodge: Dodged            |    53 |    58 ||   111

Levels and vault maps discovered:
D:1:      lightli_arrival_farm, layout_basic, serial_shops, shop, shop
D:2:      layout_basic, shapermc_ecumenical_altar_notcrosses, serial_forest,
          infiniplex_forest_lined_3_way, infiniplex_forest_clump_long,
          infiniplex_forest_straight_4, infiniplex_forest_clump_diagonal,
          infiniplex_forest_lined_ring, infiniplex_forest_clump_tiny,
          infiniplex_forest_clump_tiny, minmay_gold_behind_fungi,
          minmay_tromino_i4
D:3:      layout_basic, portal_sewer_entry_e, serial_shops,
          nicolae_shop_overgrown_old_shop, minmay_curled_crystal
D:4:      layout_layer_cave, kiku_gazebo_pond_becter, enter_ossuary_2
Ossuary:  ossuary_kennysheep_city_of_the_dead

Notes
Turn   | Place    | Note
-------+----------+-------------------------------------------
     0 | D:1      | sanka the Palentonga Monk began the quest for the Orb.
     0 | D:1      | Reached XP level 1. HP: 19/19 MP: 1/1
   228 | D:1      | Reached XP level 2. HP: 24/25 MP: 2/2
   239 | D:1      | Found Ymetiq Tongi's Magic Scroll Shop.
   611 | D:1      | Reached skill level 4 in Axes
   676 | D:1      | Found Olisee's General Store.
  1098 | D:2      | Reached XP level 3. HP: 27/31 MP: 3/3
  1534 | D:2      | Found a faded altar of an unknown god.
  2132 | D:2      | Reached XP level 4. HP: 34/37 MP: 4/4
  2195 | D:3      | Reached skill level 5 in Axes
  2676 | D:3      | Reached XP level 5. HP: 41/43 MP: 5/5
  2751 | D:3      | Reached skill level 6 in Axes
  3333 | D:3      | Found Pacomn's Antique Armour Boutique.
  3760 | D:1      | Bought a scroll of identify for 20 gold pieces
  3760 | D:1      | Bought a scroll of fear for 35 gold pieces
  3760 | D:1      | Bought a scroll of enchant weapon for 75 gold pieces
  3760 | D:1      | Bought a scroll of teleportation for 30 gold pieces
  3760 | D:1      | Bought a scroll of noise for 10 gold pieces
  3940 | D:4      | Found a sand-covered staircase.
  3945 | Ossuary  | Entered an ossuary
  3945 | Ossuary  | Noticed a wraith
  3945 | Ossuary  | Noticed a wraith
  3945 | Ossuary  | Noticed a wraith
  4084 | Ossuary  | Reached skill level 7 in Axes
  4084 | Ossuary  | Reached XP level 6. HP: 17/50 MP: 6/6
  4336 | Ossuary  | Noticed a wraith
  4343 | Ossuary  | Slain by a wraith

Vanquished Creatures
  An elf zombie (Ossuary)
  A howler monkey (D:3)
  An iguana (D:3)
  10 adders
  A worm (D:2)
  2 dart slugs
  An orc (D:3)
  4 bats (D:1)
  7 endoplasms
  5 giant cockroaches
  A gnoll zombie (Ossuary)
  6 goblins
  6 hobgoblins
  7 jackals
  9 ball pythons
  3 frilled lizards
  3 goblin zombies (Ossuary)
  4 hobgoblin zombies (Ossuary)
  A jackal skeleton (D:4)
  4 kobolds
  A kobold zombie (Ossuary)
  An orc zombie (Ossuary)
  7 rats
  A toadstool (D:2)
87 creatures vanquished.

Vanquished Creatures (others)
  4 fungi (D:2)
  4 plants
  3 toadstools (D:2)
11 creatures vanquished.

Grand Total: 98 creatures vanquished
